 Dungeon Crawl Stone Soup version 0.25-a0-435-g4b9beb1 (webtiles) character file.

Game seed: 474685875303381099, levelgen mode: deterministic

53 2tousent the Sneak (level 3, 0/20 HPs)
             Began as a Vine Stalker Wanderer on Jan 29, 2020.
             Succumbed to an adder's poison
             ... on level 2 of the Dungeon.
             The game lasted 00:04:12 (1304 turns).

2tousent the Sneak (Vine Stalker Wanderer)          Turns: 1304, Time: 00:04:13

Health: 0/20       AC:  3    Str: 16    XL:     3   Next: 89%
Magic:  0/4        EV: 11    Int: 12    God:
Gold:   43         SH:  0    Dex: 12    Spells: 2/2 levels left

rFire    . . .     SeeInvis .   k - +0 dagger
rCold    . . .     Gourm    .   (no shield)
rNeg     . . .     Faith    .   d - +1 robe
rPois    .         Spirit   +   (no helmet)
rElec    .         Reflect  .   (no cloak)
rCorr    .         Harm     .   (no gloves)
MR       .....                  (no boots)
Stlth    ++........             (no amulet)
HPRegen  0.06/turn              (no ring)
MPRegen  0.09/turn              (no ring)

@: lethally poisoned (0 -> -19)
A: fangs 2, magic shield, antimagic bite, no potion heal 3, rot immunity
a: no special abilities


You were on level 2 of the Dungeon.
You were not hungry.

You visited 1 branch of the dungeon, and saw 2 of its levels.

You collected 43 gold pieces.

Inventory:

Hand Weapons
 a - a +0 falchion
 k - a +0 dagger (weapon)
Armour
 b - a +0 shield
 d - a +1 robe (worn)
Wands
 c - a wand of random effects (15)
Scrolls
 h - a scroll of magic mapping {unknown}
 i - 2 scrolls of teleportation {unknown}
Potions
 e - 3 potions of degeneration
 g - a potion of heal wounds
 j - a potion of agility {unknown}
 l - 2 potions of haste {unknown}
Comestibles
 f - 7 rations


   Skills:
 - Level 3.6 Fighting
 * Level 1.4(1.6) Short Blades
 - Level 1.0(1.3) Long Blades
   Level 1.7 Polearms
 - Level 1.0 Dodging
 * Level 3.7 Stealth
 - Level 1.0 Shields
 - Level 1.0 Evocations


You had 2 spell levels left.
You didn't know any spells.
Your spell library was empty.

Dungeon Overview and Level Annotations

Branches:
Dungeon (2/15)

Altars:

Annotations:
D:2 1 runed translucent door, Crazy Yiuf


Innate Abilities, Weirdness & Mutations

You have extremely sharp teeth.
When hurt, damage is shared between your health and your magic reserves.
Your bite disrupts and absorbs the magic of your enemies.
Potions cannot restore your health.
You are immune to rotting.


Message History

The adder is lightly wounded.
The adder bites you.
* * * LOW HITPOINT WARNING * * *
You are poisoned.
The adder poisons you!
You hit the adder. You bite the adder. You drain its power.
You feel invigorated.
The adder is severely wounded.
You feel sick. The adder closely misses you.
You hit the adder. Your bite misses the adder.
The adder is almost dead.
The adder bites you.
* * * LOW HITPOINT WARNING * * *
You are more poisoned.
The adder poisons you! The adder bites you.
* * * LOW HITPOINT WARNING * * *
You are more poisoned.
The adder poisons you!
It was a potion of heal wounds.
That seemed strangely inert.
You die...

#.##.# ######..
#...)# ####...##..
#....###......##..
#>................
#....###......####
#.#...........#
#.#.#########.####
#.#.# #......#
#@#.# #......#
#S#.# #......#
#..K..# #......'
###.### #......#
... #......# $..
######## #....
###### #....
#..... #....#
#.##†.


You could see an adder and a kobold.

Vanquished Creatures
  An adder (D:2)
  A worm (D:2)
  A dart slug (D:1)
  A leopard gecko (D:2)
  An orc (D:2)
  4 bats
  3 giant cockroaches
  4 goblins
  5 hobgoblins (D:1)
  A quokka (D:2)
  A ball python (D:2)
  6 frilled lizards
  4 kobolds
  4 rats
37 creatures vanquished.

Notes
Turn   | Place    | Note
-------+----------+-------------------------------------------
     0 | D:1      | 2tousent the Vine Stalker Wanderer began the quest for the
                  | Orb.
     0 | D:1      | 2tousent set off with the following items: a +0 falchion, a
                  | +0 shield, a wand of random effects (15), a +0 robe, a
                  | ration
     0 | D:1      | Reached XP level 1. HP: 12/12 MP: 2/2
    18 | D:1      | Reached skill level 1 in Stealth
   124 | D:1      | Reached XP level 2. HP: 12/16 MP: 3/3
   553 | D:2      | Found a runed translucent door.
   554 | D:2      | Noticed Crazy Yiuf
   653 | D:2      | Reached XP level 3. HP: 15/20 MP: 4/4
   968 | D:2      | Reached skill level 1 in Short Blades
  1303 | D:2      | HP: 1/20 [adder (1)]
  1304 | D:2      | Succumbed to an adder's poison

Levels and vault maps discovered:
D:1:      beargit_arrival_greenhouse, layout_basic, minmay_misc_feat_alley,
          minmay_misc_feat_tower
D:2:      layout_basic, first_ration, serial_curves, eino_curves_03,
          eino_curves_03, kennysheep_small_spiral, uniq_crazy_yiuf_cottage

Skill      XL: |  1  2  3 |
---------------+----------+-----
Stealth        | 2 3 |  3.7
Short Blades   | 1 |  1.4
Fighting       | |  3.6
Long Blades    | |  1.0
Polearms       | |  1.7
Dodging        | |  1.0
Shields        | |  1.0
Evocations     | |  1.0

Action                   || total
-------------------------++-------
Melee: Falchion          ||    20
       Bite              ||    35
       Dagger            ||   109
  Use: Scroll            ||     4
       Potion            ||     1
 Stab: Sleeping          ||     5
  Eat: Chunk             ||     1
Armor: Robe              ||    28
Dodge: Dodged            ||    60
Block: Shield            ||    10
       Rpst.: Falchion   ||     1

Table legend:
 A = Non-vault XP
 B = Vault XP
 C = Vault XP percentage of total XP
 D = Non-vault monster count
 E = Vault monster count
 F = Vault count percentage of total count
                 A         B        C        D         E       F
            +---------+---------+-------+---------+---------+-------
      Total |      77 |       0 |   0.0 |      37 |       0 |   0.0
            +---------+---------+-------+---------+---------+-------
        D:1 |      27 |       0 |   0.0 |      15 |       0 |   0.0
        D:2 |      50 |       0 |   0.0 |      22 |       0 |   0.0
            +---------+---------+-------+---------+---------+-------
